 Dungeon Crawl Stone Soup version 0.26-a0-774-g1415c89e12 (webtiles) character file.

Game seed: 8133487835106561170

4766 Chiseanne the Destroyer (level 10, -3/63 HPs)
             Began as a Demonspawn Hedge Wizard on Nov 9, 2020.
             Was an Initiate of Gozag.
             Slain by an orc warrior
             ... wielding a +0 halberd
              (10 damage)
             ... in a bailey.
             The game lasted 00:23:06 (10345 turns).

Chiseanne the Destroyer (Demonspawn Hedge Wizard)  Turns: 10345, Time: 00:23:06

Health: -3/63      AC: 10    Str: 11    XL:     10   Next: 23%
Magic:  42/42      EV: 12    Int: 21    God:    Gozag
Gold:   623        SH:  0    Dex: 13    Spells: 22/29 levels left

rFire    . . .     SeeInvis .   s - +5 falchion (venom)
rCold    . . .     Faith    .   (no shield)
rNeg     . . .     Spirit   .   I - +1 robe of Whack-A-Mole {+Blink MR- MP+9 Stlth+}
rPois    .         Reflect  .   K - +1 helmet {Int+3}
rElec    .         Harm     .   i - +1 cloak
rCorr    .         Rampage  .   E - +0 pair of gloves
MR       .....                  b - +1 pair of boots {Fly}
Stlth    +++.......             (no amulet)
HPRegen  0.20/turn              C - ring of magical power
MPRegen  0.28/turn              (no ring)

@: flying
A: claws 2, foul stench 2, spiny 1, rot immunity
a: Potion Petition, Call Merchant, Bribe Branch, Renounce Religion, Evoke Blink,
Stop Flying


You were in a bailey.
You worshipped Gozag.
Gozag was pleased with you.
You visited 1 branch of the dungeon, and saw 8 of its levels.
You also visited: Bailey.

You collected 1392 gold pieces.
You spent 181 gold pieces at shops.
You paid 588 gold pieces to Gozag.

Inventory:

Hand Weapons
 a - a +3 whip of electrocution
 d - a +3 quarterstaff of chaos
 s - a +5 falchion of venom (weapon)
Missiles
 n - 15 poisoned darts (quivered)
 u - 76 arrows
 z - 44 sling bullets
 B - 22 boomerangs
 D - 248 bolts
 G - 3 silver javelins
Armour
 b - a +1 pair of boots of flying (worn)
 i - a +1 cloak (worn)
 E - a +0 pair of gloves (worn)
 I - the +1 robe of Whack-A-Mole (worn) {+Blink MR- MP+9 Stlth+}
   (You took it off an orc on level 6 of the Dungeon)

   It affects your resistance to hostile enchantments.
   It affects your magic capacity (+9).
   It lets you blink.
   It makes you more stealthy.
 K - a +1 helmet of intelligence (worn)
Jewellery
 t - an uncursed ring of fire
 C - a ring of magical power (left hand)
 H - an uncursed amulet of regeneration
Wands
 g - a wand of disintegration (16)
 v - a wand of flame (36)
 w - a wand of iceblast (1)
 A - a wand of polymorph (5)
Scrolls
 h - 4 scrolls of remove curse
 k - 3 scrolls of fear
 m - 3 scrolls of teleportation
 o - a scroll of magic mapping
 y - a scroll of fog
Potions
 e - 3 potions of ambrosia
 f - 3 potions of mutation
 j - 3 potions of haste
 l - 3 potions of brilliance
 p - 2 potions of heal wounds
 q - 6 potions of lignification
 r - a potion of attraction {unknown}
 x - 2 potions of curing
 F - a potion of might {unknown}
 J - a potion of berserk rage {unknown}
Miscellaneous
 c - a condenser vane


   Skills:
 - Level 1.7 Dodging
 - Level 1.7 Stealth
 * Level 10.2 Spellcasting
 * Level 10.6 Conjurations
   Level 1.0 Summonings
 - Level 0.8 Translocations


You had 22 spell levels left.
You knew the following spells:

 Your Spells              Type           Power        Failure   Level
a - Magic Dart            Conj           ####         1%          1
b - Blink                 Tloc           N/A          7%          2
c - Apportation           Tloc           ##....       4%          1
d - Mephitic Cloud        Conj/Pois/Air  ####....     4%          3

Your spell library contained the following spells:

 Spells                   Type           Power        Failure   Level
 Conjure Flame            Conj/Fire      ####....     2%          3
 Summon Small Mammal      Summ           ##..         4%          1
 Animate Skeleton         Necr           ##....       6%          1
 Corona                   Hex            ##.....      6%          1
 Call Imp                 Summ           ##......     6%          2
 Slow                     Hex            ##......     10%         2
 Sublimation of Blood     Necr           ##........   10%         2
 Gell's Gravitas          Tloc           ##........   13%         3
 Confusing Touch          Hex            ##......     19%         3
 Ignite Poison            Fire/Tmut/Pois ##......     19%         3
 Irradiate                Conj/Tmut      ####......   21%         5
 Petrify                  Tmut/Erth      ##......     54%         4
 Alistair's Intoxication  Tmut/Pois      ##.......    87%         5
 Metabolic Englaciation   Hex/Ice        ##........   87%         5
 Yara's Violent Unravell  Hex/Tmut       ##........   87%         5
 Eringya's Noxious Bog    Tmut/Pois      ##........   100%        6


Dungeon Overview and Level Annotations

Branches:
Dungeon (8/15)             Temple (0/1) D:6          Bailey (1/1)
   Lair: D:8-11

Altars:
Ashenzari
Cheibriados
Dithmenos
Gozag
Nemelex Xobeh
Okawaru
Qazlal
Ru
Trog
Yredelemnul
Zin

Shops:
D:8 [

Annotations:
D:4 2 transporters, britomartis's ghost, novice OpWn


Innate Abilities, Weirdness & Mutations

You have very sharp fingernails.
You frequently emit foul miasma when damaged in melee.
You are partially covered in sharp spines.
You are immune to rotting.


Message History

Found a hardcover book and a sapphire potion.
Casting: Magic Dart (safe; 1% risk of failure)
Confirm with . or Enter, or press ? or * to list all spells.
Press: ? - help, Dir - move target cursor Apport: a hardcover book Yoink!
You pull the item towards yourself.
You see here a book of Alchemy.
The orc warrior hits you from afar with a +0 halberd!
The orc warrior hits you from afar with a +0 glaive!
You pick up a book of Alchemy and begin reading...
You add the spells Sublimation of Blood, Ignite Poison, Alistair's Intoxication, Irradiate and Eringya's Noxious Bog to your library.
The orc knight hits you from afar with a +0 halberd!
The orc warrior hits you from afar with a +0 halberd!
* * * LOW HITPOINT WARNING * * *
There is a gate leading back out of this place, spattered with blood here.
The orc knight hits you from afar with a +0 halberd.
* * * LOW HITPOINT WARNING * * *
The orc warrior hits you from afar with a +0 halberd!
You die...
Your body crumbles into a pile of gold.

............##.......##..
.........).##..#'#'#..##.
...........#..##)#)##..#
.........)##.#########.#
..........##.'.#!..#)'.#
.........)##.###o8.###.#
..........##.'.#.oo#)'.#
.........)##.####o####.#
......).).##..##@.∩##..#
..............##'''#..##
..............##.....##
....≈≈≈≈≈.....##....##
...≈≈#.#.≈....#######
...≈##.∩#≈.).......
...≈..^..≈.........
...≈##.##≈.........
...≈≈#.#≈≈.........


You could see an orc knight and 2 orc warriors.

Vanquished Creatures
  Harold (D:8)
  Pikel (D:4)
  Maurice (D:8)
  Eustachio (D:4)
  Menkaure (D:7)
  3 ice beasts (D:6)
  6 orc warriors
  2 phantoms
  A black bear (D:7)
  3 ogres
  A centaur (D:8)
  A lemure (D:4)
  4 bullfrogs
  Blork the orc (D:4)
  2 scorpions
  A killer bee (D:8)
  2 howler monkeys
  A jelly (D:6)
  A quasit (D:5)
  4 hounds
  3 orc priests
  Crazy Yiuf (D:3)
  A bullfrog skeleton (D:4)
  10 orc wizards
  5 worker ants
  2 hound zombies
  A hound skeleton (D:6)
  A worker ant zombie (D:7)
  A howler monkey skeleton (D:4)
  9 adders
  3 white imps
  2 oozes
  2 adder skeletons
  An adder zombie (D:7)
  3 worms (D:3)
  A dart slug (D:1)
  8 leopard geckos
  41 orcs
  4 bats
  4 giant cockroaches
  8 goblins
  6 hobgoblins
  9 jackals
  5 kobolds
  3 quokkas
  2 ball pythons
  7 frilled lizards
  A giant cockroach zombie (D:5)
  A jackal skeleton (D:4)
  5 rats
188 creatures vanquished.

Vanquished Creatures (others)
  An orc warrior (Bailey)
  4 fungi (D:3)
  3 plants (D:1)
8 creatures vanquished.

Grand Total: 196 creatures vanquished

Notes
Turn   | Place    | Note
-------+----------+-------------------------------------------
     0 | D:1      | Chiseanne the Demonspawn Hedge Wizard began the quest for
                  | the Orb.
     0 | D:1      | Reached XP level 1. HP: 13/13 MP: 4/4
   315 | D:1      | Gained mutation: You are partially covered in sharp spines.
                  | [demonic ancestry]
   315 | D:1      | Reached XP level 2. HP: 9/19 MP: 0/6
  1653 | D:2      | Gained mutation: You have sharp fingernails. [demonic
                  | ancestry]
  1653 | D:2      | Reached XP level 3. HP: 24/24 MP: 0/8
  2239 | D:2      | Found a sacrificial altar of Ru.
  2340 | D:2      | Learned a level 2 spell: Blink
  2344 | D:2      | Learned a level 3 spell: Mephitic Cloud
  2440 | D:3      | Gained mutation: You are immune to rotting. [demonic
                  | ancestry]
  2440 | D:3      | Reached XP level 4. HP: 27/30 MP: 3/9
  3417 | D:3      | Reached XP level 5. HP: 18/35 MP: 0/11
  3988 | D:3      | Found a runed translucent door.
  3989 | D:3      | Noticed Crazy Yiuf
  3997 | D:3      | Killed Crazy Yiuf
  4279 | D:4      | Noticed a lemure
  4294 | D:4      | Killed a lemure
  4350 | D:4      | Learned a level 1 spell: Apportation
  4372 | D:4      | Found a transporter.
  4382 | D:4      | Noticed a phantom
  4392 | D:4      | Noticed britomartis's ghost (novice OpWn)
  4400 | D:4      | Killed a phantom
  4400 | D:4      | Reached skill level 5 in Spellcasting
  4400 | D:4      | Gained mutation: You may emit foul miasma when damaged in
                  | melee. [demonic ancestry]
  4400 | D:4      | Reached XP level 6. HP: 41/41 MP: 3/13
  4477 | D:4      | Noticed Pikel
  4511 | D:4      | Killed Pikel
  4511 | D:4      | Reached skill level 5 in Conjurations
  4511 | D:4      | Reached XP level 7. HP: 34/46 MP: 6/16
  4702 | D:4      | Noticed Blork the orc
  4719 | D:4      | Killed Blork the orc
  4928 | D:4      | Found a glowing silver altar of Zin.
  4935 | D:4      | Noticed Eustachio
  4939 | D:4      | Killed Eustachio
  4939 | D:4      | Gained mutation: You frequently emit foul miasma when
                  | damaged in melee. [demonic ancestry]
  4939 | D:4      | Reached XP level 8. HP: 52/52 MP: 16/18
  4941 | D:4      | Found a sparkling altar of Nemelex Xobeh.
  4943 | D:4      | Found an opulent altar of Gozag.
  4949 | D:4      | Became a worshipper of Gozag Ym Sagoz the Greedy
  4972 | D:4      | Found a transporter.
  5654 | D:5      | Entered Level 5 of the Dungeon
  5803 | D:5      | Found a basalt altar of Yredelemnul.
  6411 | D:6      | Found a staircase to the Ecumenical Temple.
  6845 | D:6      | Identified the +1 robe of Whack-A-Mole {+Blink MR- MP+9
                  | Stlth+}
  7030 | D:6      | Reached XP level 9. HP: 55/57 MP: 21/21
  7111 | D:6      | Found a snail-covered altar of Cheibriados.
  7404 | D:7      | Found a shadowy altar of Dithmenos.
  7843 | D:7      | Noticed Menkaure
  7848 | D:7      | Killed Menkaure
  8204 | D:7      | Found a broken altar of Ashenzari.
  8239 | D:7      | Found an iron altar of Okawaru.
  8240 | D:7      | Found a bloodstained altar of Trog.
  8626 | D:7      | Found a stormy altar of Qazlal.
  8712 | D:8      | Noticed Maurice
  8725 | D:8      | Killed Maurice
  8757 | D:8      | Noticed Harold
  8784 | D:8      | Killed Harold
  8784 | D:8      | Reached skill level 10 in Conjurations
  8784 | D:8      | Gained mutation: You have very sharp fingernails. [demonic
                  | ancestry]
  8784 | D:8      | Reached XP level 10. HP: 12/63 MP: 23/23
  9047 | D:8      | Reached skill level 10 in Spellcasting
  9265 | D:8      | Found a flagged portal.
  9276 | D:8      | Bought a +1 helmet of intelligence for 181 gold pieces
  9291 | Bailey   | Entered a bailey
 10341 | Bailey   | Noticed an orc knight
 10345 | Bailey   | Slain by an orc warrior

Illustrated notes

Levels and vault maps discovered:
D:1:      evilmike_arrival_crescent, layout_basic, serial_forest,
          infiniplex_forest_clump_double, infiniplex_forest_straight_1,
          infiniplex_forest_clump_long, infiniplex_forest_straight_2,
          infiniplex_forest_lined_3_way, infiniplex_forest_corner_1,
          infiniplex_forest_straight_2, supply_closet_lemuel, st_stairs_7,
          minmay_pentomino_x4
D:2:      layout_rooms, overflow_temple_1_default, minivault_4
D:3:      layout_loops_ring, uniq_crazy_yiuf_cottage
D:4:      minmay_polygon_palace, layout_cave_pools, minitemple,
          gammafunk_ghost_arena, uniq_blork_the_orc, uniq_eustachio, uniq_pikel
D:5:      layout_rooms, old_standard_altar, chequers_serial_rivers_marsh,
          corexii_leaking_fountain
D:6:      layout_basic, minmay_temple_entry_sparse_star, basic_altar
D:7:      layout_loops_ring, lemuel_round_altar,
          grunt_temple_overflow_bloody_war, old_standard_altar,
          nicolae_qazlal_eye_of_the_storm, uniq_menkaure
D:8:      minmay_the_grid_octo_tiled_octocenter [minmay_the_grid_octo_toaster,
          minmay_the_grid_octo_chip, minmay_the_grid_octo_fat_diamond,
          minmay_the_grid_octo_vomiting_pacman, minmay_the_grid_octo_prize_star,
          minmay_the_grid_square_5x5_percent, minmay_the_grid_square_5x5_z,
          minmay_the_grid_square_5x5_v, minmay_the_grid_square_5x5_hourglass],
          layout_cave_pools, enter_bailey_2, uniq_maurice, uniq_joseph,
          uniq_harold, uniq_prince_ribbit1
Bailey:   bailey_polearm_2, bailey

Skill      XL: |  1  2  3  4  5  6  7  8  9 10 |
---------------+-------------------------------+-----
Conjurations   | 2 3 4 5 6 8 10 | 10.6
Spellcasting   | 4 5 6 8 9 10 | 10.2
Dodging        | |  1.7
Stealth        | |  1.7
Summonings     | |  1.0
Translocations | |  0.8

Action                   |  1- 3 |  4- 6 |  7- 9 | 10-12 || total
-------------------------+-------+-------+-------+-------++-------
Melee: Dagger            |    30 |       |       |       ||    30
       Whip              |       |    27 |    17 |       ||    44
       Falchion          |       |       |    72 |    26 ||    98
Throw: Dart              |       |     9 |     9 |    16 ||    34
 Cast: Magic Dart        |    62 |   103 |   243 |    47 ||   455
       Mephitic Cloud    |       |     3 |    12 |    23 ||    38
       Blink             |       |       |     4 |       ||     4
       Apportation       |       |       |       |     1 ||     1
Invok: Call Merchant     |       |       |       |     1 ||     1
Evoke: Wand              |       |       |     6 |     2 ||     8
  Use: Scroll            |    10 |       |     9 |       ||    19
       Potion            |       |     1 |       |       ||     1
 Stab: Sleeping          |     2 |       |       |       ||     2
       Confused          |       |       |     9 |     1 ||    10
Armor: Robe              |     2 |     5 |    24 |    13 ||    44
       Skin              |       |     2 |       |       ||     2
Dodge: Dodged            |    23 |    28 |    63 |    25 ||   139
       Rpst.: Falchion   |       |       |    14 |     2 ||    16

Table legend: (Time is in decaauts)
 A = Elapsed time spent in this place.
 B = Non-inter-level travel time spent in this place.
 C = Inter-level travel time spent in this place.
 D = Time resting spent in this place.
 E = Time spent auto-exploring this place.
 F = Levels seen in this place.
 G = Mean time per level.
                   A        B        C        D        E       F      G
               +--------+--------+--------+--------+--------+-----+--------+
         Total |  10377 |  10146 |    231 |   3516 |   4812 |   9 | 1153.0 |
       Dungeon |   9317 |   9086 |    231 |   2854 |   4812 |   8 | 1164.6 |
        Bailey |   1059 |   1059 |      0 |    662 |      0 |   1 | 1059.0 |
               +--------+--------+--------+--------+--------+-----+--------+

Top non-repeatable levels by time:
     D:7: 1750 daAuts
     D:3: 1697 daAuts
     D:1: 1585 daAuts
     D:4: 1447 daAuts
     D:6: 1084 daAuts
  Bailey: 1059 daAuts
     D:2: 931 daAuts
     D:5: 643 daAuts
     D:8: 176 daAuts
